 Dungeon Crawl Stone Soup version 0.29-a0-72-g1732ff48e7 (webtiles) character file.

Game seed: 14612303240010986270

133 enile the Ruffian (level 4, 0/33 HPs)
             Began as a Draconian Transmuter on Feb 4, 2022.
             Was a Follower of Hepliaklqana.
             Slain by an orc priest (8 damage)
             ... on level 3 of the Dungeon.
             The game lasted 00:03:52 (3538 turns).

enile the Ruffian (Draconian Transmuter)            Turns: 3538, Time: 00:03:52

Health: 0/33       AC:  7    Str: 13    XL:     4   Next: 94%
Magic:  6/8        EV: 12    Int: 15    God:    Hepliaklqana [*.....]
Gold:   97         SH:  0    Dex: 11    Spells: 4/8 levels left

rFire   . . .      SeeInvis .     - Unarmed
rCold   . . .      Faith    .   (no shield)
rNeg    . . .      Spirit   .   (armour unavailable)
rPois   .          Reflect  .   (helmet restricted)
rElec   .          Harm     .   (no cloak)
rCorr   .          Rampage  .   (no gloves)
Will    .....                   h - +1 pair of boots
Stlth   +.........              (no amulet)
HPRegen 0.11/turn               (no ring)
MPRegen 0.11/turn               (no ring)

@: no status effects
A: reduced essence, AC +5, unfitting armour, cold-blooded
a: Renounce Religion, Recall Ancestor, Ancestor Identity


You were on level 3 of the Dungeon.
You worshipped Hepliaklqana.
Hepliaklqana was aware of your devotion.
You visited 1 branch of the dungeon, and saw 3 of its levels.

You collected 97 gold pieces.

Inventory:

Armour
 h - a +1 pair of boots (worn)
Jewellery
 g - an amulet of the acrobat
Scrolls
 a - 3 scrolls of noise {unknown}
 c - 2 scrolls of identify {unknown}
 f - a scroll of acquirement {unknown}
 i - a scroll of fog {unknown}
 j - a scroll of vulnerability {unknown}
Potions
 b - a potion of invisibility {unknown}
 d - 2 potions of lignification {unknown}
 e - a potion of mutation {unknown}
 k - a potion of cancellation {unknown}
 l - a potion of magic {unknown}


   Skills:
 + Level 2.4 Fighting
 + Level 2.6 Dodging
 + Level 3.6 Unarmed Combat
 + Level 2.7 Spellcasting
 + Level 2.8 Transmutations


You had 4 spell levels left.
You knew the following spells:

 Your Spells              Type           Power      Damage    Failure   Level
a - Beastly Appendage     Tmut           20%        N/A       6%          1
b - Spider Form           Tmut/Pois      6%         N/A       34%         3

Your spell library contained the following spells:

 Spells                   Type           Power      Damage    Failure   Level
 Wereblood                Tmut           10%        N/A       10%         2
 Apportation              Tloc           4%         N/A       21%         1
 Ice Form                 Ice/Tmut       6%         N/A       75%         4
 Alistair's Intoxication  Tmut/Pois      4%         N/A       97%         5


Dungeon Overview and Level Annotations

Branches:
Dungeon (3/15)

Altars:
Hepliaklqana
Beogh


Innate Abilities, Weirdness & Mutations

Your life essence is reduced to manifest your ancestor. (-10% HP)
Your plain brown scales are hard. (AC +5)
You cannot fit into any form of body armour.
You are cold-blooded and may be slowed by cold attacks.


Message History

The hobgoblin is severely wounded.
The kobold barely misses you. The hobgoblin hits you.
The orc priest misses you.
You hit the hobgoblin.
You kill the hobgoblin!
The orc hits you with a +0 flail. The kobold misses you.
The orc priest miscasts a cantrip.
The orc hits you with a +0 flail.
Okay, then.
Your transformation is almost over.
The bat hits you. The bat barely misses you.
The kobold hits you with a +2 whip of electrocution.
The orc priest closely misses you. The orc completely misses you.
You see here a hobgoblin corpse.
The bat hits you but does no damage. The kobold closely misses you.
The bat misses you. The orc misses you. The bat hits you but does no damage.
The bat misses you. The bat hits you but does no damage.
The bat closely misses you.
You hit the bat.
You kill the bat!
The orc priest misses you.
You bite the orc!
You kill the orc!
The orc priest closely misses you.
The orc priest hits you with a +0 trident.
The frilled lizard bites you but does no damage.
Things that are here:
a +0 flail; an orc corpse You hit the orc priest.
The orc priest is poisoned.
The orc priest is moderately wounded.
The orc priest hits you with a +0 trident.
* * * LOW HITPOINT WARNING * * *
The frilled lizard misses you. The kobold closely misses you.
The orc priest completely misses you.
You hit the frilled lizard.
You kill the frilled lizard!
Your transformation has ended.
Your +1 pair of boots unmelds from your body.
The orc priest hits you from afar with a +0 trident!
You die...

.... ......... ....
......... .......
.........
#.......##........
#.................
#.................
##.................
.........#@....#.
###.......#)#K.....
..........oo.###...
........†.oo.# .
.............#
.............#
......#.#....#
##......#....#
#......+......


You could see an orc priest (very poisoned), 3 orcs and a kobold.

Vanquished Creatures
  A jelly (D:2)
  2 adders (D:2)
  3 worms (D:2)
  3 dart slugs (D:1)
  7 orcs
  4 bats
  4 endoplasms
  4 goblins
  5 hobgoblins
  3 quokkas
  3 ball pythons
  5 frilled lizards
  3 kobolds (D:1)
  6 rats
53 creatures vanquished.

Vanquished Creatures (collateral kills)
  An adder (D:3)
  A giant cockroach (D:2)
  A rat (D:2)
3 creatures vanquished.

Grand Total: 56 creatures vanquished

Notes
Turn   | Place    | Note
-------+----------+-------------------------------------------
     0 | D:1      | enile the Draconian Transmuter began the quest for the Orb.
     0 | D:1      | Reached XP level 1. HP: 16/16 MP: 3/3
   340 | D:1      | Reached XP level 2. HP: 22/23 MP: 3/5
  1458 | D:2      | Reached XP level 3. HP: 28/29 MP: 4/6
  1504 | D:2      | Learned a level 3 spell: Spider Form
  1797 | D:2      | Reached XP level 4. HP: 9/36 MP: 2/7
  2423 | D:2      | Found a faded altar of an unknown god.
  2526 | D:2      | Prayed at the altar of an unknown god.
  2526 | D:2      | Became a worshipper of Hepliaklqana the Forgotten
  2526 | D:2      | Reached * piety under Hepliaklqana
  3538 | D:3      | Slain by an orc priest

Illustrated notes

Levels and vault maps discovered:
D:1:      pf_arrival_petrified_forest, layout_basic, serial_rivers,
          chequers_serial_rivers_large_a, chequers_serial_rivers_micro_a,
          chequers_serial_rivers_micro_e, chequers_serial_rivers_marsh,
          minmay_hexomino_p4
D:2:      layout_basic, hellmonk_ecumenical_altar_defaced_shrine,
          kennysheep_generic_room_13
D:3:      layout_basic, zin_scriptorium, nicolae_figureground_pulse

Skill      XL: |  1  2  3 |
---------------+----------+-----
Dodging        | 2 |  2.6
Fighting       | 2 |  2.4
Unarmed Combat | |  3.6
Spellcasting   | |  2.7
Transmutations | |  2.8

Action                   |  1- 3 |  4- 6 || total
-------------------------+-------+-------++-------
Melee: Unarmed           |   103 |    57 ||   160
       Headbutt          |     4 |       ||     4
       Kick              |    14 |     2 ||    16
       Tailslap          |     7 |     1 ||     8
       Punch             |     1 |       ||     1
 Cast: Beastly Appendage |    17 |     1 ||    18
       Spider Form       |     5 |    10 ||    15
Armor: Skin              |    28 |    13 ||    41
Dodge: Dodged            |    78 |    61 ||   139

Table legend: (Time is in decaauts)
 A = Elapsed time spent in this place.
 B = Non-inter-level travel time spent in this place.
 C = Inter-level travel time spent in this place.
 D = Time resting spent in this place.
 E = Time spent auto-exploring this place.
 F = Levels seen in this place.
 G = Mean time per level.
                   A        B        C        D        E       F      G
               +--------+--------+--------+--------+--------+-----+--------+
         Total |   3541 |   3450 |     91 |      0 |   2958 |   3 | 1180.3 |
       Dungeon |   3541 |   3450 |     91 |      0 |   2958 |   3 | 1180.3 |
               +--------+--------+--------+--------+--------+-----+--------+

Top non-repeatable levels by time:
     D:2: 1747 daAuts
     D:1: 1412 daAuts
     D:3: 381 daAuts
